 Dungeon Sprint DCSS version 0.31-a0-675-g238779eb0a (webtiles) character file.

Game seed: 6487028011320877415

9746 fingers the Hoplite (level 11, 0/93 HPs)
             Began as a Formicid Fighter on Sept 5, 2023.
             Was the Champion of the Shining One.
             Hit by a javelin thrown by a merfolk javelineer (8 damage)
             ... in the Dungeon (Sprint V: "Ziggurat Sprint").
             The game lasted 00:06:07 (881 turns).

fingers the Hoplite (Formicid Fighter)               Turns: 881, Time: 00:06:08

Health: 0/93       AC: 29    Str: 38    XL:     11   Next: 80%
Magic:  5/14       EV:  4    Int: 13    God:    the Shining One [******]
Gold:   0          SH: 41    Dex: 11    Spells: 10/10 levels left

rFire   . . .        C - +11 plutonium sword {Contam Stlth-}
rCold   + . .        A - +18 shield of the Gong {Loud rN+ Will+ rCorr EV-5}
rNeg    + + +        z - +15 Maxwell's patent armour {-Cast -Tele rElec Will+ rCorr}
rPois   .            (helmet unavailable)
rElec   +            P - scarf of Lies {+Inv, rC+ Str+2 Int+4 Dex-2}
rCorr   +            (no gloves)
SInv    +            (no boots)
Will    +++..        (no amulet) Stlth
                     v - +6 ring of strength
HPRegen 0.35/turn    w - +6 ring of strength
MPRegen 0.14/turn

%: no spellcasting
@: lethally poisoned (0 -> -4), divinely shielded, afraid, glowing, studying
Ranged Weapons, very slow
A: permanent stasis, dig shafts and tunnels, antennae 3, four strong arms
a: Dig, Renounce Religion, Evoke Invisibility, Divine Shield, Cleansing Flame,
Summon Divine Warrior, Brand Weapon With Holy Wrath


You were in the Dungeon.
You worshipped the Shining One.
The Shining One was exalted by your worship.
You visited 1 branch

Inventory:

Hand Weapons
 a - a +0 long sword
 B - the +11 Singing Sword {sonic wave}
   (You found it in the Dungeon)
 C - the +11 plutonium sword (weapon) {Contam Stlth-}
   (You found it in the Dungeon)

   Contam:    It causes magical contamination when unequipped.
   Stlth-:    It makes you less stealthy.
 D - the +9 sword of Power {lifebolt}
   (You found it in the Dungeon)
Missiles
 l - a throwing net
Armour
 b - a +0 scale mail
 c - a +0 buckler
 z - the +15 Maxwell's patent armour (worn) {-Cast -Tele rElec Will+ rCorr}
   (You found it in the Dungeon)

   rElec:     It insulates you from electricity.
   Will+:     It increases your willpower.
   -Cast:     It prevents spellcasting.
   -Tele:     It prevents most forms of teleportation.
   rCorr:     It protects you from acid and corrosion.
 A - the +18 shield of the Gong (worn) {Loud rN+ Will+ rCorr EV-5}
   (You found it in the Dungeon)

   Loud:      It is deafeningly noisy when blocking attacks.
   EV-5:      It affects your evasion (-5).
   rN+:       It protects you from negative energy.
   Will+:     It increases your willpower.
   rCorr:     It protects you from acid and corrosion.
 M - the +5 moon troll leather armour {Spirit, Regen++ MP+5}
   (You found it in the Dungeon)

   MP+5:      It affects your magic capacity (+5).
   Regen++:   It increases your rate of health regeneration.
 P - the scarf of Lies (worn) {+Inv, rC+ Str+2 Int+4 Dex-2}
   (You acquired it in the Dungeon)

   Str+2:     It affects your strength (+2).
   Int+4:     It affects your intelligence (+4).
   Dex-2:     It affects your dexterity (-2).
   rC+:       It protects you from cold.
Jewellery
 q - a ring of flight
 r - a +6 ring of dexterity
 s - a +6 ring of dexterity
 t - a +6 ring of intelligence
 u - a +6 ring of intelligence
 v - a +6 ring of strength (left hand)
 w - a +6 ring of strength (right hand)
 K - a +6 ring of strength
 L - the ring of Hentis {Ice rPois rN++}
   (You found it in the Dungeon)

   [ring of ice]

   Ice:       It enhances your ice magic.
   rF-:       It makes you vulnerable to fire.
   rC+:       It protects you from cold.
   rPois:     It protects you from poison rN++: It greatly protects you from
   negative energy.
 N - a +6 ring of intelligence
 Q - an amulet of magic regeneration
 R - the ring of Understanding {rPois Str+6 Dex+5 SInv}
   (You found it in the Dungeon)

   [ring of strength]

   Str+6:     It affects your strength (+6).
   Dex+5:     It affects your dexterity (+5).
   rPois:     It protects you from poison SInv: It lets you see invisible.
 S - a ring of protection from fire
Talismans
 E - a beast talisman
 F - a blade talisman
 G - a maw talisman
 H - a serpent talisman
Wands
 x - a wand of mindburst (20)
 y - a wand of acid (7)
 I - a wand of flame (19)
 J - a wand of charming (10)
Scrolls
 h - 4 scrolls of blinking
 m - 4 scrolls of amnesia
 n - 7 scrolls of fog
 o - 5 scrolls of identify
 O - 4 scrolls of enchant armour
Potions
 d - 6 potions of might
 e - 9 potions of curing
 f - 3 potions of heal wounds
 g - 7 potions of magic
 i - 2 potions of brilliance
 j - 2 potions of invisibility
 k - 3 potions of resistance


   Skills:
 + Level 11.3 Fighting
 * Level 19.1 Long Blades
 + Level 10.6 Armour
 + Level 1.1 Dodging
 + Level 0.1 Stealth
 + Level 22.0 Shields
 + Level 5.3 Invocations
 + Level 1.1 Evocations


You had 10 spell levels left.
You didn't know any spells.
Your spell library contained the following spells:

 Spells                   Type           Power      Damage    Failure   Level
 Shock                    Conj/Air       0%         1d3       86%         1
 Slow                     Hex            0%         N/A       86%         1
 Cigotuvi's Dreadful Rot  Necr/Pois/Air  0%         N/A       94%         2
 Ensorcelled Hibernation  Hex/Ice        0%         N/A       94%         2
 Lesser Beckoning         Tloc           0%         N/A       94%         2
 Poisonous Vapours        Pois/Air       0%         N/A       94%         2
 Confusing Touch          Hex            0%         N/A       99%         3
 Dazzling Flash           Conj/Hex       0%         N/A       99%         3
 Ignite Poison            Fire/Tmut/Pois 0%         N/A       99%         3
 Ozocubu's Armour         Ice            0%         N/A       99%         3
 Vampiric Draining        Necr           0%         2d6       99%         3
 Volatile Blastmotes      Fire/Tloc      0%         2d10      99%         3
 Airstrike                Air            0%         2d(0-16)  100%        4
 Cause Fear               Hex            0%         N/A       100%        4
 Iskenderun's Mystic Bla  Conj/Tloc      0%         2d3       100%        4
 Manifold Assault         Tloc           0%         N/A       100%        4
 Olgreb's Toxic Radiance  Pois           0%         N/A       100%        4
 Passage of Golubria      Tloc           0%         N/A       100%        4
 Sticky Flame             Conj/Fire      0%         2d3       100%        4
 Summon Ice Beast         Ice/Summ       0%         N/A       100%        4
 Arcjolt                  Conj/Air       0%         1d10      100%        5
 Silence                  Hex/Air        0%         N/A       100%        5
 Ignition                 Fire           0%         3d3       100%        8
 Lehudib's Crystal Spear  Conj/Erth      0%         10d2      100%        8
 Polar Vortex             Ice            0%         N/A       100%        9
 Blink                    Tloc           Unusable   N/A       N/A         2
 Swiftness                Air            Unusable   N/A       N/A         3

Dungeon Overview and Level Annotations

Branches:
Dungeon (1/1)

Altars:
Ashenzari
Cheibriados
Dithmenos
Elyvilon
Fedhas
Gozag
Hepliaklqana
Kikubaaqudgha
Makhleb
Nemelex Xobeh
Okawaru
Qazlal
Ru
Sif Muna
Trog
Uskayaw
Vehumet
Wu Jian
Xom
Yredelemnul
Zin
The Shining One
Jiyva
Lugonu


Innate Abilities, Weirdness & Mutations

You cannot be hasted, slowed, berserked, paralysed or teleported.
You can dig through walls and to a lower floor.
You have a pair of large antennae on your head. (SInv)
Your four strong arms can wield two-handed weapons with a shield.


Message History

SHROANNG!
The merfolk javelineer throws a javelin.
The javelin pierces through you!!
* * * LOW HITPOINT WARNING * * *
You block the satyr's attack.
GONNNNG!
You block the merfolk aquamancer's attack.
GONNNNG!
You hit the merfolk javelineer but do no damage.
Mutagenic energy flows through the plutonium sword!
There is a strange surge of energy around the merfolk javelineer.
The merfolk javelineer twists and deforms.
The merfolk javelineer is heavily wounded.
You feel sick.
You block the merfolk javelineer's attack.
GONNNNG!
You block the sea snake's attack.
GONNNNG!
Your daeva hits the sea snake with a +2 eudemon blade of holy wrath!!
Your daeva hits the sea snake with a +2 eudemon blade of holy wrath!
The sea snake dies!
The merfolk javelineer throws a javelin.
The javelin pierces through you.
* * * LOW HITPOINT WARNING * * *
The satyr barely misses you.
You block the merfolk aquamancer's attack.
SHROANNG!
Your Shields skill increases to level 22!
You slice the merfolk javelineer!!
Mutagenic energy flows through the plutonium sword!
The air around the merfolk javelineer crackles with energy.
The merfolk javelineer twists and deforms.
The merfolk javelineer is almost dead.
You feel sick.
The merfolk javelineer throws a javelin.
The javelin pierces through you.
* * * LOW HITPOINT WARNING * * *
The merfolk javelineer throws a javelin.
The javelin pierces through you!
You die...

▓...8©8...▓
▓..~|)["|.▓...[.....▓
▓.~)==)/..▓...[.|)..▓
▓...~.~~..▓....)....▓
▓.~..m.~~~▓....)....▓
▓~..).~~..▓.........▓
▓.~c~.m...▓.........▓
▓..▓mA.▓.~▓.........▓
▓.▓)@m~.▓.▓.▓.....▓.▓
▓.~~~©~.~.▓....©....▓
▓▓▓▓▓▓▓▓▓▓▓▓▓▓▓▓▓▓▓▓▓


{{{{{{{{ {{{{{{{{{{{ {{{{{{{{{ {{{{{{{{{{{ {{{{{{{{{ {{{{{{{{{{{ {{{{ You could
see a merfolk avatar, 2 merfolk javelineers, a satyr (scary), a merfolk
aquamancer and a friendly daeva (summoned).

Vanquished Creatures
  A vampire knight (D)
  A necromancer (D)
  A harpy (D)
  4 toenail golems (D)
  A komodo dragon (D)
  4 merfolk (D)
  2 wind drakes (D)
  A jumping spider (D)
  A large abomination (D)
  4 shadows (D)
  A yak (D)
  An air elemental (D)
  A basilisk (D)
  A vampire (D)
  A redback (D)
  2 hell hounds (D)
  A floating eye (D)
  A bullfrog (D)
  2 necrophages (D)
  4 scorpions (D)
  A crimson imp (D)
  2 jellies (D)
  An orc priest (D)
  An iron imp (D)
  An iguana (D)
  An orc wizard (D)
  2 shadow imps (D)
  A white imp (D)
  An adder zombie (D)
  2 adder skeletons (D)
  2 orcs (D)
  A bat zombie (D)
  2 endoplasms (D)
  A quokka skeleton (D)
  A quokka zombie (D)
55 creatures vanquished.

Vanquished Creatures (collateral kills)
  A merfolk impaler (D)
  2 sea snakes (D)
  2 wolf spiders (D)
  A water elemental (D)
  A scorpion (D)
7 creatures vanquished.

Vanquished Creatures (others)
  A merfolk aquamancer (D)
  2 centaurs (D)
  2 bullfrogs (D)
  A shadow imp (D)
  A bat skeleton (D)
  A bat zombie (D)
8 creatures vanquished.

Grand Total: 70 creatures vanquished

Notes
Turn   | Place    | Note
-------+----------+-------------------------------------------
     0 | D        | fingers the Formicid Fighter began the quest for the Orb.
     0 | D        | Reached XP level 1. HP: 18/18 MP: 1/1
     0 | D        | Found a shimmering blue altar of Sif Muna.
     0 | D        | Found a bloodstained altar of Trog.
     0 | D        | Found a sacrificial altar of Ru.
     0 | D        | Found a stormy altar of Qazlal.
     0 | D        | Found an iron altar of Okawaru.
     1 | D        | Found a sparkling altar of Nemelex Xobeh.
     1 | D        | Found a blossoming altar of Fedhas.
     1 | D        | Found the +6 Majin-Bo {spellvamp, MP+6 Int+6}
     1 | D        | Found the +27 heavy crossbow "Sniper" {heavy, Acc+∞ SInv}
     1 | D        | Found the +10 dark maul {heavy}
     1 | D        | Found the +15 Maxwell's patent armour {-Cast -Tele rElec
                  | Will+ rCorr}
     1 | D        | Found the +18 shield of the Gong {Loud rN+ Will+ rCorr
                  | EV-5}
     1 | D        | Found the +16 obsidian axe {drain, demonic, Mesm Drain Fly
                  | SInv}
     1 | D        | Found the +7 great mace "Firestarter" {flame, immolate,
                  | rFlCloud rF++}
     1 | D        | Found the +6 shillelagh "Devastator" {shatter}
     1 | D        | Found the +11 plutonium sword {Contam Stlth-}
     1 | D        | Found the +8 lance "Wyrmbane" {slay drac, rPois rF+ rC+
                  | AC+3}
     1 | D        | Found the +9 sword of Zonguldrok {reap}
     1 | D        | Found the +13 scythe of Curses {drain, curses, Drain}
     1 | D        | Found the +9 sword of Power {lifebolt}
     1 | D        | Found the +7 mace of Variability {chaos, chaos arc}
     1 | D        | Found the +11 Singing Sword {sonic wave}
     1 | D        | Found the +8 storm bow {elec, penet}
     3 | D        | Found a transporter.
     3 | D        | Found an ancient bone altar of Kikubaaqudgha.
     3 | D        | Found a viscous altar of Jiyva.
     3 | D        | Found a corrupted altar of Lugonu.
     3 | D        | Found a hazy altar of Hepliaklqana.
     3 | D        | Found a burning altar of Makhleb.
     3 | D        | Found an opulent altar of Gozag.
    71 | D        | Became a worshipper of the Shining One
    92 | D        | Reached skill level 5 in Long Blades
    92 | D        | Reached skill level 5 in Shields
    92 | D        | Reached XP level 2. HP: 26/26 MP: 2/2
   100 | D        | Entered arena 2.
   100 | D        | Noticed a merfolk
   100 | D        | Noticed a merfolk
   100 | D        | Found a transporter.
   106 | D        | Killed a merfolk
   107 | D        | Reached skill level 9 in Shields
   107 | D        | Reached XP level 3. HP: 24/36 MP: 3/3
   107 | D        | Reached XP level 4. HP: 28/43 MP: 4/4
   107 | D        | Reached XP level 5. HP: 31/48 MP: 5/5
   107 | D        | Reached XP level 6. HP: 36/55 MP: 6/6
   112 | D        | Killed a merfolk
   113 | D        | Reached skill level 10 in Shields
   113 | D        | Reached XP level 7. HP: 39/62 MP: 7/7
   193 | D        | Got the Compendium of Imprecation
   198 | D        | Got Buacrent's Collected Works on the Blizzard and
                  | Displacement
   202 | D        | Entered arena 3.
   202 | D        | Reached * piety under the Shining One
   202 | D        | Reached ** piety under the Shining One
   202 | D        | Found a transporter.
   213 | D        | Reached *** piety under the Shining One
   220 | D        | Entered arena 4.
   220 | D        | Noticed a toenail golem
   220 | D        | Noticed a toenail golem
   220 | D        | Noticed a toenail golem
   220 | D        | Noticed a toenail golem
   220 | D        | Found a transporter.
   228 | D        | Killed a toenail golem
   229 | D        | Reached skill level 11 in Shields
   229 | D        | Reached skill level 1 in Invocations
   229 | D        | Reached XP level 8. HP: 69/69 MP: 2/9
   235 | D        | Killed a toenail golem
   236 | D        | Reached skill level 12 in Shields
   239 | D        | Killed a toenail golem
   240 | D        | Reached XP level 9. HP: 57/75 MP: 4/10
   243 | D        | Killed a toenail golem
   244 | D        | Reached skill level 1 in Dodging
   244 | D        | Reached skill level 13 in Shields
   297 | D        | Entered arena 5.
   297 | D        | Reached **** piety under the Shining One
   297 | D        | Found a transporter.
   345 | D        | Got the Essays on Scorched Putrescence
   348 | D        | Acquired a manual of Shields
   366 | D        | Entered arena 6.
   366 | D        | Found a transporter.
   425 | D        | Entered arena 7.
   425 | D        | Noticed a wind drake
   425 | D        | Noticed a merfolk
   425 | D        | Noticed a merfolk
   425 | D        | Reached ***** piety under the Shining One
   425 | D        | Noticed a wind drake
   428 | D        | Found a transporter.
   436 | D        | Killed a wind drake
   437 | D        | Reached skill level 14 in Shields
   441 | D        | Killed a merfolk
   442 | D        | Reached skill level 15 in Long Blades
   442 | D        | Killed a wind drake
   443 | D        | Reached skill level 15 in Shields
   447 | D        | Killed a merfolk
   448 | D        | Reached XP level 10. HP: 45/83 MP: 6/12
   576 | D        | Entered arena 8.
   579 | D        | Found a transporter.
   587 | D        | Reached skill level 16 in Shields
   595 | D        | Reached ****** piety under the Shining One
   620 | D        | Entered arena 9.
   620 | D        | Noticed a komodo dragon
   624 | D        | Found a transporter.
   629 | D        | Killed a komodo dragon
   633 | D        | Reached skill level 17 in Shields
   639 | D        | Reached skill level 1 in Evocations
   655 | D        | Got the ring of Hentis {Ice rPois rN++}
   661 | D        | Entered arena 10.
   661 | D        | Found the +5 moon troll leather armour {Spirit, Regen++
                  | MP+5}
   663 | D        | Found a transporter.
   695 | D        | Got the Tome of Refrigeration and the Nimbus
   699 | D        | Entered arena 11.
   699 | D        | Noticed a wolf spider
   699 | D        | Noticed a wolf spider
   701 | D        | Found a transporter.
   710 | D        | Reached skill level 18 in Shields
   712 | D        | Killed a wolf spider
   713 | D        | Reached skill level 10 in Fighting
   718 | D        | Killed a wolf spider
   719 | D        | Reached skill level 19 in Shields
   721 | D        | Reached XP level 11. HP: 89/91 MP: 5/14
   795 | D        | Acquired the scarf of Lies {+Inv, rC+ Str+2 Int+4 Dex-2}
   805 | D        | Entered arena 12.
   806 | D        | Noticed a vampire knight
   806 | D        | Noticed a necromancer
   807 | D        | Found a transporter.
   815 | D        | Killed a vampire knight
   816 | D        | Reached skill level 20 in Shields
   823 | D        | Killed a necromancer
   832 | D        | Reached skill level 10 in Armour
   832 | D        | Reached skill level 21 in Shields
   842 | D        | Got the ring of Understanding {rPois Str+6 Dex+5 SInv}
   858 | D        | Entered arena 13.
   858 | D        | Noticed a sea snake
   858 | D        | Noticed a merfolk impaler
   858 | D        | Noticed a merfolk avatar
   858 | D        | Noticed a merfolk javelineer
   858 | D        | Noticed a harpy
   858 | D        | Noticed a sea snake
   858 | D        | Noticed a merfolk javelineer
   858 | D        | Noticed a merfolk aquamancer
   859 | D        | Noticed a merfolk aquamancer
   860 | D        | Noticed a satyr
   862 | D        | Identified the +2 tower shield of Pleasant Breezes {Will+
                  | Regen+}
   863 | D        | Killed a harpy
   871 | D        | Killed a merfolk aquamancer
   874 | D        | Killed a merfolk impaler
   876 | D        | Killed a sea snake
   877 | D        | Reached skill level 5 in Invocations
   880 | D        | Killed a sea snake
   881 | D        | Reached skill level 22 in Shields
   881 | D        | Hit by a javelin thrown by a merfolk javelineer

Illustrated notes

Levels and vault maps discovered:
D:        sprint_v [room_start, room_1, room_2, room_3, room_4, room_5, room_6,
          room_7, room_8, room_9, room_10, room_11, room_12, room_13, room_14,
          room_15, room_16, room_17, room_18, room_19, room_20, room_21,
          room_22, room_23, room_24, room_25, room_26, room_27]

Skill      XL: |  1  2  3  4  5  6  7  8  9 10 11 |
---------------+----------------------------------+-----
Fighting       | 4 7 8 9 10 11 | 11.3
Long Blades    | 5 7 9 11 13 15 17 19 | 19.1
Armour         | 4 7 8 9 10 | 10.6
Shields        | 5 9 10 11 12 15 19 22 | 22.0
Invocations    | 1 2 3 4 5 |  5.3
Dodging        | 1 |  1.1
Evocations     | 1 |  1.1
Stealth        | |  0.1

Action                     |  1- 3 |  4- 6 |  7- 9 | 10-12 || total
---------------------------+-------+-------+-------+-------++-------
  Melee: Triple sword      |     4 |     6 |    54 |    88 ||   152
 Invoke: Cleansing Flame   |       |       |     1 |       ||     1
         Divine Shield     |       |       |     3 |     1 ||     4
         Summon Divine War |       |       |       |     2 ||     2
  Evoke: Wand              |       |       |       |     6 ||     6
    Use: Potion            |     2 |       |     1 |     7 ||    10
         Scroll            |       |       |     1 |     3 ||     4
 Armour: Plate armour      |     2 |     2 |    75 |   140 ||   219
  Dodge: Dodged            |     1 |       |     6 |    14 ||    21
  Block: Kite shield       |    13 |     5 |   141 |   280 ||   439

Table legend: (Time is in decaauts)
 A = Elapsed time spent in this place.
 B = Non-inter-level travel time spent in this place.
 C = Inter-level travel time spent in this place.
 D = Time resting spent in this place.
 E = Time spent auto-exploring this place.
 F = Levels seen in this place.
 G = Mean time per level.
                   A        B        C        D        E       F      G
               +--------+--------+--------+--------+--------+-----+--------+
         Total |    895 |    895 |      0 |      0 |    389 |   1 |  895.0 |
       Dungeon |    895 |    895 |      0 |      0 |    389 |   1 |  895.0 |
               +--------+--------+--------+--------+--------+-----+--------+

Top non-repeatable levels by time:
       D: 895 daAuts
